Map: Automaton LE

Players

Zest

  • Race: Protoss Protoss
  • Spawn Location: 3:00

soO - Winner!

  • Race: Zerg Zerg
  • Spawn Location: 9:00

Event: IEM Season 13: Katowice (2019)

VOD

Have the link to the VOD?

Description

Time

  • Played on: March 2, 2019, 6:38 a.m.
  • Length: 12:13

All games in this series

Show
View Real Time Build Order
Export as new Build Order

Zest Protoss 

Build Orders: 1 Gate Expand, Oracle Opening 

Get SALT Encoding   

  12  0:00  Probe  
  13  0:12  Probe  
  14  0:18  Pylon  
  14  0:24  Probe  
  15  0:32  Probe  
  15  0:38  Gateway  
  15  0:40  Probe  
  16  0:48  Assimilator  
  17  0:51  Probe  
  18  1:03  Probe  
  19  1:15  Probe  
  20  1:28  Nexus  
  20  1:38  Cybernetics Core  
  20  1:41  Probe  
  20  1:46  Assimilator  
  21  1:53  Probe  
  22  1:58  Pylon  
  22  2:05  Probe  
  22  2:06  Adept  
  23  2:17  Stargate  
  23  2:20  Probe  
  26  2:26  Stalker  
  26  2:28  Warp Gate  
  26  2:33  Probe  
  29  2:43  Probe  
  30  2:45  Probe  
  31  2:53  Oracle  
  31  2:55  Probe  
  31  2:57  Probe  
  36  3:07  Probe  
  36  3:09  Probe  
  38  3:19  Probe  
  39  3:21  Probe  
  39  3:24  Twilight Council  
  40  3:32  Pylon, Probe, Charge  
  40  3:33  Probe  
  42  3:41  Gateway  
  42  3:42  Robotics Facility  
  42  3:46  Probe x2  
  44  3:58  Probe x2  
  46  4:06  Gateway x2  
  46  4:13  Gateway  
  46  4:14  Gateway  
  46  4:19  Gateway, Warp Prism  
  46  4:31  Gateway  
  48  4:36  Pylon  
  48  4:49  Zealot x2  
  48  4:51  Pylon  
  48  4:52  Pylon  
  52  5:12  Probe, Observer  
  54  5:19  Zealot x4  
  54  5:20  Zealot x3  
  68  5:22  Pylon  
  68  5:25  Zealot  
  68  5:44  Zealot x7  
  68  5:47  Zealot  
  62  6:05  Zealot x6  
  62  6:07  Sentry x2  
  54  6:37  Sentry x4  
  54  6:38  Sentry, Zealot x3  
  70  6:43  Assimilator  
  70  6:48  Probe x2  
  72  6:54  Sentry  
  72  6:55  Zealot x2  
  72  6:59  Adept x3  
  72  7:00  Adept  
  86  7:05  Pylon  
  86  7:07  Observer, Pylon  
  86  7:11  Pylon  
  86  7:26  Adept  
  86  7:27  Adept x4, Zealot x2  
  100  7:30  Zealot  
  79  7:55  Zealot x7  
  79  7:58  Zealot  
  69  8:15  Sentry x4  
  69  8:16  Adept x3  
  79  8:35  Zealot x3  
  79  8:38  Sentry  
  79  8:39  Zealot x3  
  83  8:41  Adept  
  79  8:54  Warp Prism  
  60  8:56  Zealot  
  60  8:57  Zealot x2  
  46  9:13  Assimilator  
  46  9:16  Templar Archives  
  46  9:18  Forge  
  46  9:26  Zealot x3  
  46  9:27  Warp Prism  
  54  9:42  Zealot  
  56  9:48  Protoss Ground Weapons Level 1  
  56  9:59  Nexus  
  56  10:00  Pylon  
  56  10:05  High Templar x2  
  60  10:12  High Templar x2  
  60  10:13  Zealot  
  66  10:17  Archon  
  66  10:18  Archon  
  66  10:24  Zealot  
  66  10:25  Zealot x2  
  72  10:54  High Templar x2  
  72  10:55  Zealot x6  
  88  10:58  Archon  
  88  11:01  Probe  
  88  11:05  Probe  
  88  11:10  Probe  
  90  11:13  Observer  
  90  11:14  Probe  
  92  11:24  Zealot, High Templar x2  
  92  11:25  Zealot  
  101  11:27  Zealot x4  
  101  11:31  Archon  
  85  11:47  Zealot x5  
  85  11:48  Zealot  
  82  11:57  Zealot x2  
Show
View Real Time Build Order
Export as new Build Order

soO Zerg - Winner!

Build Orders: Hatch First 

Get SALT Encoding   

  12  0:00  Drone  
  13  0:12  Overlord  
  13  0:18  Drone  
  14  0:30  Drone x2  
  14  0:34  Drone  
  17  0:52  Hatchery  
  17  0:56  Drone  
  17  0:59  Drone  
  18  1:09  Extractor  
  17  1:14  Spawning Pool  
  17  1:17  Drone  
  17  1:21  Drone  
  18  1:28  Drone  
  19  1:38  Drone  
  20  1:48  Hatchery  
  20  1:51  Drone  
  20  2:02  Drone  
  20  2:04  Queen  
  20  2:08  Drone  
  24  2:12  Drone  
  25  2:19  Overlord  
  25  2:26  Queen  
  27  2:32  Metabolic Boost  
  27  2:34  Drone  
  28  2:39  Drone  
  28  2:40  Drone  
  28  2:41  Zergling x2  
  31  2:45  Zergling x2  
  31  2:50  Overlord  
  32  2:55  Queen  
  32  2:58  Drone  
  35  3:00  Drone  
  35  3:05  Drone x2  
  38  3:12  Queen  
  40  3:13  Drone  
  40  3:16  Drone  
  40  3:19  Overlord  
  42  3:28  Spore Crawler  
  42  3:31  Drone  
  42  3:32  Drone, Spore Crawler  
  42  3:37  Queen  
  42  3:38  Drone x2  
  42  3:40  Drone  
  47  3:43  Drone  
  47  3:44  Drone  
  47  3:45  Drone  
  50  3:51  Overlord  
  50  3:58  Overlord  
  50  4:08  Overlord  
  50  4:10  Lair, Drone x2  
  50  4:11  Drone x3  
  50  4:12  Drone x2  
  50  4:14  Drone  
  50  4:16  Drone  
  59  4:17  Extractor  
  59  4:18  Extractor, Drone  
  59  4:19  Drone  
  59  4:22  Drone  
  59  4:24  Drone x2  
  61  4:25  Drone  
  61  4:27  Drone  
  61  4:29  Drone  
  61  4:30  Drone  
  66  4:34  Extractor  
  66  4:37  Drone  
  66  4:41  Drone x2  
  68  4:47  Overlord  
  68  4:51  Drone, Baneling Nest  
  68  4:56  Zergling x6  
  68  4:57  Zergling x4  
  73  5:01  Overlord  
  73  5:02  Overlord  
  73  5:10  Hydralisk Den  
  73  5:11  Zergling x6  
  75  5:17  Overlord  
  76  5:28  Zergling x18  
  76  5:30  Zergling x6  
  86  5:40  Hydralisk x3  
  83  5:43  Zergling x2  
  83  5:47  Hydralisk  
  81  5:51  Hydralisk x5  
  81  5:52  Zergling x2  
  81  5:53  Hydralisk  
  91  5:57  Hydralisk x2  
  91  5:59  Hydralisk  
  91  6:00  Zergling x4  
  89  6:04  Hydralisk  
  89  6:10  Hydralisk, Zergling x2  
  88  6:14  Zergling x2  
  80  6:18  Hydralisk  
  80  6:22  Zergling x2  
  80  6:23  Queen  
  80  6:25  Zergling x2  
  78  6:27  Queen  
  78  6:31  Muscular Augments  
  80  6:36  Drone x3  
  80  6:38  Baneling x3  
  83  6:42  Centrifical Hooks  
  83  6:45  Drone x2  
  85  6:50  Zergling x4  
  85  6:53  Baneling x2  
  85  6:54  Zergling x2  
  88  6:56  Queen  
  90  7:03  Hydralisk x2, Baneling  
  90  7:04  Baneling  
  90  7:06  Overlord  
  94  7:10  Baneling x2  
  94  7:15  Zergling x6  
  97  7:19  Overlord  
  97  7:20  Overseer  
  97  7:25  Hydralisk x2  
  101  7:30  Overseer  
  101  7:31  Baneling x2  
  101  7:32  Zergling x8  
  105  7:41  Zergling x2  
  105  7:42  Zergling x10  
  99  7:50  Grooved Spines  
  89  7:52  Hydralisk x2  
  89  7:53  Zergling x2  
  88  7:58  Hydralisk  
  88  8:03  Hydralisk x2  
  80  8:08  Hydralisk x2, Zergling x2  
  80  8:11  Baneling x2  
  80  8:12  Zergling x2  
  84  8:14  Queen  
  84  8:16  Baneling x2  
  86  8:21  Queen  
  88  8:27  Zergling x8  
  90  8:35  Hydralisk x2  
  90  8:36  Zergling x2  
  90  8:40  Hydralisk  
  92  8:47  Hydralisk  
  84  8:54  Zergling x2  
  75  8:56  Hydralisk, Zergling x2  
  75  9:01  Zergling x4  
  75  9:05  Zergling x2  
  75  9:08  Hydralisk  
  72  9:15  Queen  
  72  9:16  Hydralisk, Zergling x2  
  77  9:20  Zergling x2  
  77  9:23  Baneling x2  
  78  9:26  Zergling x4  
  78  9:28  Zergling x2  
  81  9:34  Hydralisk  
  81  9:37  Baneling  
  81  9:38  Baneling x2  
  83  9:39  Zergling x4  
  83  9:41  Hydralisk  
  83  9:42  Zergling x4  
  90  9:45  Zergling x8  
  90  9:48  Zergling x2  
  90  9:50  Baneling x3  
  94  9:56  Hydralisk x2  
  97  10:04  Zergling x4  
  99  10:08  Hydralisk  
  99  10:11  Hydralisk  
  99  10:12  Hydralisk  
  105  10:17  Zergling x6  
  108  10:24  Zergling x10  
  113  10:33  Overlord  
  113  10:34  Overlord  
  113  10:36  Overlord  
  113  10:38  Overlord, Zergling x2  
  113  10:44  Overlord  
  113  10:51  Overlord  
  113  10:55  Zergling x10  
  113  10:56  Zergling x6  
  121  11:02  Overseer  
  121  11:09  Zergling x12  
  127  11:17  Drone  
  129  11:18  Drone  
  129  11:20  Drone  
  130  11:27  Zergling x8  
  130  11:29  Baneling x3  
  130  11:30  Zergling x6, Baneling  
  130  11:31  Zergling x2  
  138  11:34  Zergling x2  
  138  11:37  Zergling x2  
  139  11:45  Hydralisk x3  
  139  11:46  Zergling x4  
  111  11:55  Zergling x4  
  111  11:56  Zergling x2  

Tags
 
Add a new tag
Caveats
  • Supply blocks, unpowered buildings, or Contaminate may cause inaccurate times.
  • Supply counts are checked every 10 seconds.